AoeStats
← Dragon

Arena

504557210Analyzed
1v1 RM · 27d ago on Sep 5, 2026· 59m 30s· 2 players
Game mode
Random Map
Map size
Tiny (2 player)
Population
200
Speed
Normal
Resources
Standard
Victory
Conquest
Starting age
Dark Age
Ending age
Imperial Age
RankedLock teamsTeams togetherTeam positionsShared explorationLock speedFull tech treeHidden civsTurbo modeCheats
Victory
Defeat
🇹🇷 Khmer · Türkiye
1290
+15
🇩🇪 Turks · Germany
1258
-15
BigBadBearD
11:16 Feudal Age
14:27 Castle Age
13:09 Double-Bit Axe
18:57 Stone Mining
18:51 Horse Collar
21:02 Gold Mining
21:48 Wheelbarrow
25:41 Husbandry
25:55 Bloodlines
33:07 Imperial Age
34:21 Gold Shaft Mining
33:12 Elite Battle Elephant
33:55 Tusk Swords
34:17 Conscription
35:30 Light Cavalry
36:04 Town Watch
36:05 Loom
36:56 Bow Saw
37:11 Double Crossbow
38:29 Hand Cart
39:39 Capped Ram
41:46 Heavy Plow
43:15 Chemistry
42:36 Ballistics
43:42 Heavy Scorpion
44:44 Siege Engineers
45:50 Hussar
57:35 Forging
57:31 Scale Barding Armor
Dragon
11:49 Feudal Age
16:23 Castle Age
16:05 Double-Bit Axe
16:02 Horse Collar
16:16 Gold Mining
23:55 Imperial Age
24:03 Padded Archer Armor
24:09 Horse Collar
29:24 Scale Barding Armor
29:30 Forging
31:30 Sanctity
31:14 Husbandry
33:23 Heavy Plow
33:10 Loom
34:01 Bloodlines
34:51 Cavalier
34:57 Heavy Camel Rider
38:14 Chain Barding Armor
38:53 Iron Casting
40:32 Plate Barding Armor
42:51 Blast Furnace
44:00 Conscription
44:20 Fletching
47:31 Bodkin Arrow
53:14 Artillery
57:31 Bow Saw
Connection lost

Rejoining the realm…

Still unreachable

The connection could not be restored.

Session expired

The server has moved on; the page needs a fresh start.